Map: Dash and Terminal LE (Void)

Players

TheDounat

  • Race: Protoss Protoss
  • League: Diamond

Ilikeitdirty

  • Race: Protoss Protoss
  • League: Platinum

MoonLjth - Winner!

  • Race: Protoss Protoss
  • League: Grandmaster

iQuitBYE - Winner!

  • Race: Protoss Protoss
  • League: Grandmaster

VOD

Have the link to the VOD?

Description

Time

  • Played on: Oct. 3, 2015, 4:36 p.m.
  • Length: 6:59
Show
View Real Time Build Order
Export as new Build Order

TheDounat Protoss 

Build Orders: 1 Gate Expand, Oracle Opening 

Get SALT Encoding   

  12  0:01  Probe (Chrono Boost)  
  13  0:12  Probe (Chrono Boost)  
  14  0:18  Pylon  
  14  0:23  Probe (Chrono Boost)  
  15  0:29  Assimilator  
  15  0:36  Probe (Chrono Boost)  
  16  0:47  Gateway, Probe (Chrono Boost)  
  17  0:57  Probe (Chrono Boost)  
  18  1:08  Probe (Chrono Boost)  
  19  1:18  Probe (Chrono Boost)  
  20  1:27  Nexus  
  20  1:30  Probe (Chrono Boost)  
  21  1:40  Cybernetics Core  
  21  1:44  Assimilator  
  21  1:48  Probe (Chrono Boost)  
  22  1:55  Pylon  
  22  2:00  Probe (Chrono Boost)  
  23  2:13  Probe (Chrono Boost)  
  24  2:17  Adept  
  24  2:18  Warp Gate  
  26  2:24  Mothership Core (Chrono Boost)  
  28  2:38  Stargate  
  28  2:39  Pylon  
  28  2:40  Probe (Chrono Boost)  
  29  2:46  Adept (Chrono Boost)  
  31  2:52  Probe  
  31  2:53  Probe  
  33  2:59  Pylon  
  33  3:05  Probe  
  33  3:06  Probe  
  33  3:10  Adept (Chrono Boost)  
  37  3:21  Gateway  
  37  3:22  Gateway  
  37  3:31  Oracle (Chrono Boost)  
  40  3:37  Stalker (Chrono Boost)  
  42  3:42  Probe  
  42  3:43  Probe  
  44  3:50  Pylon  
  44  3:52  Probe  
  46  3:55  Probe  
  44  4:18  Pylon  
  44  4:22  Probe  
  44  4:23  Probe  
  48  4:25  Stargate  
  48  4:26  Stalker, Pylon  
  27  4:54  Robotics Facility  
  11  5:21  Stalker x3  
  13  5:26  Probe  
  14  5:38  Probe  
  14  5:50  Probe  
  11  6:17  Observer (Chrono Boost)  
Show
View Real Time Build Order
Export as new Build Order

Ilikeitdirty Protoss 

Build Orders: Dark Templar Rush 

Get SALT Encoding   

  12  0:01  Probe (Chrono Boost)  
  13  0:13  Pylon  
  13  0:18  Probe (Chrono Boost)  
  14  0:29  Probe (Chrono Boost)  
  14  0:35  Gateway  
  15  0:39  Probe (Chrono Boost)  
  16  0:49  Assimilator  
  16  0:50  Probe (Chrono Boost)  
  17  0:59  Assimilator  
  17  1:00  Probe (Chrono Boost)  
  18  1:08  Pylon  
  19  1:11  Probe (Chrono Boost)  
  19  1:23  Probe (Chrono Boost)  
  20  1:28  Cybernetics Core  
  20  1:33  Probe (Chrono Boost)  
  21  1:42  Pylon  
  21  1:44  Probe (Chrono Boost)  
  22  1:56  Probe (Chrono Boost)  
  23  2:04  Adept  
  25  2:09  Twilight Council, Warp Gate  
  25  2:10  Mothership Core (Chrono Boost)  
  27  2:31  Adept  
  29  2:50  Dark Shrine  
  29  3:02  Gateway  
  29  3:06  Gateway  
  29  3:11  Gateway  
  29  3:21  Pylon  
  29  3:35  Pylon  
  29  4:14  Dark Templar x3  
  33  4:17  Stalker  
  31  4:44  Stalker  
  29  4:47  Stalker x2  
  28  4:56  Probe (Chrono Boost)  
  27  5:08  Probe (Chrono Boost)  
  27  5:20  Probe (Chrono Boost)  
  22  5:32  Probe (Chrono Boost)  
  23  5:40  Zealot x3  
  23  5:41  Zealot  
  32  5:44  Probe (Chrono Boost)  
  32  5:54  Probe (Chrono Boost)  
  33  6:03  Stalker x2  
  35  6:05  Probe (Chrono Boost)  
  35  6:08  Stalker  
  38  6:16  Probe (Chrono Boost)  
  35  6:33  Stalker  
  35  6:35  Zealot  
  35  6:39  Probe (Chrono Boost)  
Show
View Real Time Build Order
Export as new Build Order

MoonLjth Protoss - Winner!

Build Orders:  

Get SALT Encoding   

Show
View Real Time Build Order
Export as new Build Order

iQuitBYE Protoss - Winner!

Build Orders:  

Get SALT Encoding   

Tags
 
Add a new tag
Caveats
  • Supply blocks, unpowered buildings, or Contaminate may cause inaccurate times.
  • Supply counts are checked every 10 seconds.